 Dungeon Crawl Stone Soup version 0.29.1-15-g9cfb28693d (webtiles) character file.

Game seed: 11719172285766947678

36 Heoruswealwe the Magician (level 3, -2/19 HPs)
             Began as a Deep Elf Earth Elementalist on Apr 3, 2023.
             Was a Follower of Qazlal.
             Slain by a quokka (3 damage)
             ... on level 2 of the Dungeon.
             The game lasted 00:05:30 (602 turns).

Heoruswealwe the Magician (DEEE)                     Turns: 602, Time: 00:05:30

Health: -2/19      AC:  2    Str:  5    XL:     3   Next: 19%
Magic:  10/10      EV: 12    Int: 21    God:    Qazlal [*.....]
Gold:   77         SH:  1    Dex: 15    Spells: 4/10 levels left

rFire   . . .      SeeInvis .   (no weapon)
rCold   . . .      Faith    .   (no shield)
rNeg    . . .      Spirit   .   a - +0 robe
rPois   .          Reflect  .   (no helmet)
rElec   .          Harm     .   (no cloak)
rCorr   .          Rampage  .   (no gloves)
Will    .....                   (no boots)
Stlth   ++........              (no amulet)
HPRegen 0.06/turn               (no ring)
MPRegen 0.12/turn               (no ring)

@: no status effects
A: no striking features
a: Renounce Religion


You were on level 2 of the Dungeon.
You worshipped Qazlal.
Qazlal was aware of your devotion.
You visited 1 branch of the dungeon, and saw 2 of its levels.

You collected 77 gold pieces.

Inventory:

Armour
 a - a +0 robe (worn)
 d - a +0 robe
Scrolls
 c - a scroll of vulnerability {unknown}
 e - a scroll of teleportation {unknown}
Potions
 b - a potion of magic
 f - 2 potions of curing


   Skills:
 - Level 2.4 Dodging
 - Level 2.4 Stealth
 + Level 4.1 Spellcasting
 - Level 1.1 Transmutations
 + Level 4.1 Earth Magic


You had 4 spell levels left.
You knew the following spells:

 Your Spells              Type           Power      Damage    Failure   Level
a - Sandblast             Erth           42%        2d11      2%          1
b - Stone Arrow           Conj/Erth      26%        3d8       16%         3
z - Passwall              Tmut/Erth      12%        N/A       6%          2

Your spell library contained the following spells:

 Spells                   Type           Power      Damage    Failure   Level
 Petrify                  Tmut/Erth      15%        N/A       38%         4


Dungeon Overview and Level Annotations

Branches:
Dungeon (1/15)

Altars:
Qazlal


Message History

You completely miss the quokka.
The quokka is moderately wounded.
The quokka barely misses you.
You miss the quokka.
The quokka is moderately wounded.
The quokka misses you. x2
You barely miss the quokka.
The quokka is moderately wounded.
The quokka bites you but does no damage.
You hit the quokka.
The quokka is moderately wounded.
The quokka bites you but does no damage.
You barely miss the quokka.
The quokka is moderately wounded.
The quokka bites you.
* * * LOW HITPOINT WARNING * * *
You hit the quokka but do no damage.
The quokka is moderately wounded.
The quokka bites you but does no damage.
You miss the quokka.
The quokka is moderately wounded.
The quokka closely misses you. The quokka bites you.
* * * LOW HITPOINT WARNING * * *
You hit the quokka but do no damage.
The quokka is lightly wounded.
The quokka closely misses you.
You hit the quokka.
The quokka is moderately wounded.
The quokka misses you.
You closely miss the quokka.
The quokka is moderately wounded.
The quokka bites you.
* * * LOW HITPOINT WARNING * * *
You hit the quokka.
The quokka is heavily wounded.
The quokka closely misses you.
You hit the quokka but do no damage.
The quokka is heavily wounded.
The quokka bites you.
You die...

#### #... ###.# ...#
####≈≈≈# ###..###
#≈≈≈≈≈≈≈ # #......
##≈≈≈≈≈≈≈ #. #.#..# ##≈≈
≈≈≈≈≈
#.##.#..####..#≈≈≈≈#####
#......@r.....#~≈≈≈#...#
#.......#####..≈~≈≈#._.#
#.##.##.# #r≈≈≈#...# #
#.##.# ##≈≈≈##'##
#....########≈≈≈≈~..~
###..##.....##≈≈≈..#.
#.####..##.....###~...#.
#.......##..............
#####...##.....####..#..


You could see a quokka.

Vanquished Creatures
  An adder (D:2)
  4 endoplasms
  2 goblins (D:1)
  4 hobgoblins
  2 quokkas (D:1)
  2 ball pythons
  5 bats
  A frilled lizard (D:2)
  A kobold (D:1)
  4 rats
26 creatures vanquished.

Notes
Turn   | Place    | Note
-------+----------+-------------------------------------------
     0 | D:1      | Heoruswealwe the Deep Elf Earth Elementalist began the
                  | quest for the Orb.
     0 | D:1      | Reached XP level 1. HP: 10/10 MP: 6/6
    42 | D:1      | Reached XP level 2. HP: 15/15 MP: 1/8
    63 | D:1      | Learned a level 2 spell: Passwall
   435 | D:1      | You fall into a shaft and drop 1 floor!
   468 | D:2      | Found a faded altar of an unknown god.
   494 | D:2      | Reached XP level 3. HP: 19/19 MP: 6/10
   498 | D:2      | Learned a level 3 spell: Stone Arrow
   525 | D:2      | Prayed at the altar of an unknown god.
   525 | D:2      | Became a worshipper of Qazlal Stormbringer
   525 | D:2      | Reached * piety under Qazlal
   602 | D:2      | Slain by a quokka

Illustrated notes

Levels and vault maps discovered:
D:1:      minmay_arrival_wavy_path, layout_rooms
D:2:      layout_loops_cross, nicolae_ecumenical_lake_church

Skill      XL: |  1  2 |
---------------+-------+-----
Spellcasting   | 4 |  4.1
Earth Magic    | 4 |  4.1
Dodging        | |  2.4
Stealth        | |  2.4
Transmutations | |  1.1

Action                   || total
-------------------------++-------
Melee: Unarmed           ||    27
 Cast: Sandblast         ||    29
       Passwall          ||     1
  Use: Scroll            ||     2
Armor: Robe              ||     6
Dodge: Dodged            ||    17
